 Dungeon Crawl Stone Soup version 0.18.1-48-g4cf74bf (webtiles) character file.

2007 WarriorsX the Destroyer (level 9, -4/51 HPs)
             Began as a High Elf Conjurer on Aug 8, 2016.
             Slain by an orc warrior
             ... wielding a +0 halberd
              (13 damage)
             ... on level 7 of the Dungeon.
             The game lasted 00:28:56 (9699 turns).

WarriorsX the Destroyer (High Elf Conjurer)         Turns: 9699, Time: 00:28:57

Health: -4/51      AC:  9    Str:  7    XL:     9   Next: 2%
Magic:  6/19       EV:  7    Int: 21    God:
Gold:   260        SH:  0    Dex: 22    Spells: 2 memorised, 15 levels left

rFire  . . .     SeeInvis .     l - staff of death
rCold  + . .     Gourm    .     s - +2 leather armour {rC+}
rNeg   + . .     Faith    .     (no shield)
rPois  .         Spirit   .     (no helmet)
rElec  .         Dismiss  .     h - +1 cloak
rCorr  .         Reflect  .     q - +0 pair of gloves
SustAt .         Harm     .     e - +0 pair of boots
MR     +....     Clarity  +     (no amulet)
Stlth  ++........               u - +4 ring of slaying
                                p - +4 ring of dexterity

@: drained, somewhat resistant to hostile enchantments, unstealthy
A: clarity, deformed body, magic resistance 1
a: no special abilities


You were on level 7 of the Dungeon.
You were not hungry.

You visited 1 branch of the dungeon, and saw 7 of its levels.
You also visited: Ossuary.

You collected 260 gold pieces.

Inventory:

Hand Weapons
 j - a +0 trident of piercing
Armour
 e - a +0 pair of boots (worn)
 h - a +1 cloak (worn)
 q - a +0 pair of gloves (worn)
 s - a +2 leather armour of cold resistance (worn)
Magical Staves
 l - an uncursed staff of death (weapon)
Jewellery
 p - a +4 ring of dexterity (left hand)
 u - a +4 ring of slaying (right hand)
Wands
 n - a wand of flame (29/48)
 r - a wand of flame (20/48)
 x - a wand of acid (8/15)
Scrolls
 d - 7 scrolls of remove curse
 g - a scroll of recharging
 k - 2 scrolls of enchant armour
 m - 3 scrolls of identify
 y - a scroll of enchant weapon {unknown}
Potions
 i - a potion of berserk rage
 o - a potion of might
 t - a potion of curing
 v - a potion of magic {unknown}
 w - a potion of cure mutation
 z - a potion of heal wounds {unknown}
 A - 3 potions of haste
 B - a potion of invisibility {unknown}
Books
 b - a book of Conjurations

   Spells                             Type                      Level
   a - Magic Dart                     Conjuration                  1
   b - Searing Ray                    Conjuration                  2
   c - Dazzling Spray                 Conjuration/Hexes            3
   d - Fulminant Prism                Conjuration/Hexes            4
   e - Iskenderun's Mystic Blast      Conjuration                  4
   f - Iskenderun's Battlesphere      Conjuration/Charms           5
Comestibles
 c - 5 bread rations
 f - 2 chunks of flesh


   Skills:
 - Level 0.1(0.0) Polearms
 - Level 6.8(6.7) Armour
 - Level 2.1 Dodging
 - Level 2.1 Stealth
 - Level 6.1 Spellcasting
 + Level 9.2(9.1) Conjurations


You had 15 spell levels left.
You knew the following spells:

 Your Spells              Type           Power        Failure   Level  Hunger
a - Magic Dart            Conj           ####         1%          1    None
b - Iskenderun's Mystic   Conj           #####...     3%          4    ####...


Dungeon Overview and Level Annotations

Branches:
Dungeon (7/15)             Temple (0/1) D:5

Altars:
Fedhas
Kikubaaqudgha
Makhleb
Pakellas
Qazlal
Zin

Shops:
D:4 [


Innate Abilities, Weirdness & Mutations

You possess an exceptional clarity of mind.
Armour fits poorly on your strangely shaped body.
You are resistant to hostile enchantments.


Message History

The orc warrior is lightly wounded.
The orc warrior completely misses you.
Casting: Magic Dart
Confirm with . or Enter, or press ? or * to list all spells.
Aiming: Magic Dart
Press: ? - help, Shift-Dir - straight line, f/p - orc warrior
Aim: an orc warrior, wielding a halberd and wearing a chain mail (lightly wounded, unusually agile)
The magic dart hits the orc warrior.
The orc warrior is lightly wounded.
The orc warrior hits you from afar with a halberd!!
* * * LOW HITPOINT WARNING * * *
Casting: Magic Dart
Confirm with . or Enter, or press ? or * to list all spells.
Aiming: Magic Dart
Press: ? - help, Shift-Dir - straight line, f/p - orc warrior
Aim: an orc warrior, wielding a halberd and wearing a chain mail (lightly wounded, unusually agile)
Okay, then.
There is a stone staircase leading up here.
The orc warrior hits you from afar with a halberd!
You die...

## ###.#
###.#.#####
..#####.#.#.....#
...[o.o.........##
#o.........#
#.#@#.......
#.#.######.# #.#.#
#.#.. #.#.# #.#.#
#.### ...


You could see an orc warrior, an orc priest and an orc wizard.

Vanquished Creatures
  Eustachio (D:6)
  A sky beast (D:5)
  A phantom (D:4)
  A centaur (D:6)
  2 ogres (D:4)
  A big kobold (D:4)
  A giant frog (D:6)
  2 scorpions (D:6)
  5 wights (D:6)
  A howler monkey (D:6)
  2 human zombies (Ossuary)
  2 hounds (D:4)
  A jelly (D:6)
  7 orc wizards
  6 orc priests
  A worker ant (D:4)
  A big kobold zombie (Ossuary)
  5 mummies (Ossuary)
  4 gnolls (D:6)
  8 adders
  5 shadow imps
  2 oozes
  An adder zombie (D:5)
  A worm (D:4)
  4 dart slugs
  4 giant geckos
  41 orcs
  5 giant cockroaches
  7 goblins
  5 hobgoblins
  8 jackals
  4 quokkas
  A ball python (D:1)
  9 bats
  A giant gecko skeleton (D:6)
  A giant gecko zombie (D:6)
  5 giant newts
  A gnoll zombie (Ossuary)
  A hobgoblin zombie (Ossuary)
  15 kobolds
  2 kobold zombies (Ossuary)
  An orc zombie (Ossuary)
  6 rats
183 creatures vanquished.

Vanquished Creatures (others)
  4 toadstools (D:1)
4 creatures vanquished.

Grand Total: 187 creatures vanquished

Notes
Turn   | Place    | Note
--------------------------------------------------------------
     0 | D:1      | WarriorsX the High Elf Conjurer began the quest for the Orb.
     0 | D:1      | Reached XP level 1. HP: 11/11 MP: 4/4
   308 | D:1      | Reached XP level 2. HP: 17/17 MP: 4/6
   323 | D:1      | Reached skill level 5 in Conjurations
   879 | D:2      | Reached XP level 3. HP: 21/21 MP: 4/7
  1325 | D:2      | Reached skill level 6 in Conjurations
  1479 | D:2      | Found an oddly glowing altar of Pakellas.
  1498 | D:2      | Reached XP level 4. HP: 27/27 MP: 5/8
  1570 | D:2      | Found a stormy altar of Qazlal.
  1833 | D:2      | Found a blossoming altar of Fedhas.
  2362 | D:3      | Reached XP level 5. HP: 31/31 MP: 2/12
  2902 | D:3      | Reached skill level 5 in Spellcasting
  3364 | D:3      | Reached XP level 6. HP: 36/36 MP: 12/15
  3507 | D:4      | Learned a level 4 spell: Iskenderun's Mystic Blast
  3620 | D:4      | Found a sand-covered staircase.
  3641 | Ossuary  | Entered an ossuary
  3701 | Ossuary  | Reached skill level 1 in Armour
  4359 | D:4      | Reached XP level 7. HP: 41/41 MP: 4/17
  4520 | D:4      | Gained mutation: Potions and wands are less effective at restoring your health. [potion of mutation]
  4520 | D:4      | Gained mutation: You are clumsy. (Dex -2) [potion of mutation]
  4520 | D:4      | Gained mutation: You occasionally shout uncontrollably at your foes. [potion of mutation]
  4521 | D:4      | Gained mutation: You are robust (+10% HP). [potion of mutation]
  4522 | D:4      | Lost mutation: Potions and wands are less effective at restoring your health. [potion of mutation]
  4522 | D:4      | Gained mutation: You are partially covered in large bone plates (AC +2, SH +2). [potion of mutation]
  4522 | D:4      | Gained mutation: You have large cloven feet. [potion of mutation]
  4524 | D:4      | Lost mutation: You occasionally shout uncontrollably at your foes. [potion of cure mutation]
  4524 | D:4      | Lost mutation: You have large cloven feet. [potion of cure mutation]
  4524 | D:4      | Lost mutation: You are partially covered in large bone plates (AC +2, SH +2). [potion of cure mutation]
  4524 | D:4      | Lost mutation: You are clumsy. (Dex -2) [potion of cure mutation]
  4524 | D:4      | Lost mutation: You are robust (+10% HP). [potion of cure mutation]
  4770 | D:4      | Found Qyirizoq's Armour Shoppe.
  5196 | D:4      | HP: 2/41 [something/puff of flame (8)]
  5640 | D:4      | Reached skill level 5 in Armour
  6049 | D:5      | Entered Level 5 of the Dungeon
  6059 | D:5      | Found a burning altar of Makhleb.
  6062 | D:5      | Noticed a cacodemon
  6063 | D:5      | Found a glowing silver altar of Zin.
  6064 | D:5      | Noticed an angel
  6085 | D:5      | Reached XP level 8. HP: 46/46 MP: 16/18
  7075 | D:5      | Found an ancient bone altar of Kikubaaqudgha.
  7323 | D:5      | Found a staircase to the Ecumenical Temple.
  7991 | D:6      | Reached skill level 7 in Conjurations
  8235 | D:6      | Noticed Eustachio
  8246 | D:6      | Gained mutation: You possess an exceptional clarity of mind. [potion of mutation]
  8246 | D:6      | Gained mutation: Armour fits poorly on your strangely shaped body. [potion of mutation]
  8246 | D:6      | Gained mutation: You are resistant to hostile enchantments. [potion of mutation]
  8572 | D:6      | Reached skill level 8 in Conjurations
  9582 | D:6      | Killed Eustachio
  9582 | D:6      | Reached skill level 9 in Conjurations
  9582 | D:6      | Reached XP level 9. HP: 33/51 MP: 3/19
  9699 | D:7      | Slain by an orc warrior

Skill      XL: |  1  2  3  4  5  6  7  8 |
---------------+-------------------------+-----
Conjurations   | 5 6 9 |  9.2
Spellcasting   | 4 5 6 |  6.1
Armour         | 3 5 6 |  6.8
Polearms       | |  0.1
Dodging        | |  2.1
Stealth        | |  2.1

Action                   |  1- 3 |  4- 6 |  7- 9 || total
-------------------------+-------+-------+-------++-------
Melee: Unarmed           |    20 |       |       ||    20
       Trident           |       |    10 |       ||    10
       Staff             |       |       |    28 ||    28
 Cast: Magic Dart        |    70 |   191 |   345 ||   606
       Iskenderun's Myst |       |     1 |    15 ||    16
Evoke: Wand              |       |     1 |       ||     1
  Use: Scroll            |     1 |     4 |    11 ||    16
       Potion            |       |       |    15 ||    15
  Eat: Chunk             |     2 |     7 |    13 ||    22
       Meat ration       |       |       |     1 ||     1
       Pizza             |       |       |     1 ||     1
       Beef jerky        |       |       |     1 ||     1
Armor: Robe              |     1 |     8 |    39 ||    48
Dodge: Dodged            |    19 |    47 |    86 ||   152
